AoeStats
← HulkHoden

Arena

514816632Analyzed
2v2 RM · 18d ago on Oct 19, 2026· 47m 17s· 4 players
Game mode
Random Map
Map size
Medium (4 player)
Population
200
Speed
Normal
Resources
Standard
Victory
Conquest
Starting age
Dark Age
Ending age
Imperial Age
RankedLock teamsTeams togetherTeam positionsShared explorationLock speedFull tech treeHidden civsTurbo modeCheats
Victory
Defeat
🇦🇺 Aztecs · Australia
799
+16
🇹🇷 Britons · Türkiye
768
+17
vs
🇩🇰 Britons · Denmark
840
-18
🇩🇪 Franks · Germany
758
-15
Dano0
10:37 Feudal Age
10:01 Loom
11:04 Double-Bit Axe
11:04 Horse Collar
14:24 Gold Mining
14:25 Stone Mining
20:22 Castle Age
22:53 Fletching
23:16 Forging
23:06 Scale Mail Armor
23:08 Padded Archer Armor
24:20 Squires
23:41 Eagle Warrior
24:33 Bodkin Arrow
24:04 Elite Skirmisher
26:19 Wheelbarrow
25:33 Town Watch
26:33 Town Patrol
28:15 Iron Casting
28:54 Ballistics
29:20 Heavy Plow
29:09 Pikeman
30:41 Chain Mail Armor
31:04 Hand Cart
34:10 Imperial Age
34:13 Murder Holes
36:06 Blast Furnace
43:38 Plate Mail Armor
43:09 Bracer
43:25 Leather Archer Armor
43:56 Block Printing
bba
9:11 Feudal Age
12:07 Loom
16:40 Castle Age
15:17 Double-Bit Axe
15:14 Horse Collar
16:02 Gold Mining
18:29 Forging
23:24 Bow Saw
24:32 Heavy Plow
28:54 Imperial Age
27:08 Crossbowman
27:58 Scale Mail Armor
27:23 Pikeman
28:04 Squires
29:59 Iron Casting
30:10 Scale Barding Armor
30:46 Wheelbarrow
30:51 Ballistics
31:57 Chemistry
31:25 Arbalester
33:40 Two-Man Saw
34:31 Blast Furnace
36:59 Chain Mail Armor
38:12 Plate Mail Armor
42:59 Hand Cart
43:36 Chain Barding Armor
43:16 Padded Archer Armor
43:10 Heated Shot
43:00 Treadmill Crane
43:13 Fletching
HulkHoden
11:19 Feudal Age
13:22 Loom
16:24 Castle Age
16:08 Wheelbarrow
18:52 Double-Bit Axe
28:23 Imperial Age
27:30 Scale Barding Armor
28:41 Chain Barding Armor
28:37 Forging
30:15 Chemistry
29:19 Cavalier
30:02 Husbandry
36:30 Paladin
40:15 Plate Barding Armor
40:17 Iron Casting
45:54 Blast Furnace
lindhardt2
10:33 Feudal Age
11:05 Double-Bit Axe
11:49 Horse Collar
18:09 Castle Age
16:34 Fletching
16:44 Padded Archer Armor
18:45 Elite Skirmisher
18:48 Light Cavalry
19:30 Husbandry
21:39 Bow Saw
22:34 Forging
24:35 Stone Mining
26:53 Gold Mining
27:05 Heavy Plow
29:22 Iron Casting
30:41 Gold Shaft Mining
32:10 Scale Barding Armor
37:09 Imperial Age
40:00 Imperial Age
Connection lost

Rejoining the realm…

Still unreachable

The connection could not be restored.

Session expired

The server has moved on; the page needs a fresh start.